AoeStats
← psigemo

Arabia

509141695Analyzed
1v1 RM · 7d ago on Sep 25, 2026· 21m 37s· 2 players
Game mode
Random Map
Map size
Tiny (2 player)
Population
200
Speed
Normal
Resources
Standard
Victory
Conquest
Starting age
Dark Age
Ending age
Imperial Age
RankedLock teamsTeams togetherTeam positionsShared explorationLock speedFull tech treeHidden civsTurbo modeCheats
Victory
Defeat
🇩🇪 Britons · Germany
1017
+15
🇨🇴 Mongols · Colombia
1003
-15
psigemo
6:57 Loom
9:22 Feudal Age
9:56 Double-Bit Axe
11:29 Wheelbarrow
11:15 Horse Collar
16:59 Scale Barding Armor
17:04 Forging
18:02 Bloodlines
19:35 Town Watch
19:51 Gold Mining
padi29
7:11 Loom
9:24 Feudal Age
11:22 Double-Bit Axe
17:38 Fletching
18:06 Padded Archer Armor
19:59 Scale Mail Armor
20:49 Horse Collar
24:08 Castle Age
Connection lost

Rejoining the realm…

Still unreachable

The connection could not be restored.

Session expired

The server has moved on; the page needs a fresh start.